Map: Abyssal Reef LE

Players

FrostGt

  • Race: Terran Terran
  • League: Diamond
  • Spawn Location: 5:00

Scarlett - Winner!

  • Race: Protoss Protoss
  • League: Diamond
  • Spawn Location: 11:00

VOD

Have the link to the VOD?

Description

Time

  • Played on: May 22, 2017, 4:08 p.m.
  • Length: 19:23
Show
View Real Time Build Order
Export as new Build Order

FrostGt Terran 

Build Orders: Cyclone Opening 

Get SALT Encoding   

  12  0:00  SCV  
  13  0:13  SCV  
  14  0:17  Supply Depot  
  14  0:25  SCV  
  15  0:34  Refinery  
  15  0:39  SCV  
  16  0:45  Barracks  
  16  0:51  SCV  
  17  1:03  SCV  
  18  1:15  SCV  
  19  1:32  Orbital Command  
  19  1:34  Marine  
  20  1:41  Factory  
  20  1:54  Barracks Reactor  
  20  1:58  SCV  
  20  2:00  Supply Depot  
  21  2:05  Refinery  
  21  2:10  SCV  
  22  2:23  Command Center  
  22  2:26  SCV  
  23  2:38  Cyclone  
  23  2:40  Widow Mine  
  28  2:44  SCV  
  28  2:47  Marine  
  30  2:56  Supply Depot  
  30  2:57  SCV  
  31  3:16  Supply Depot  
  31  3:18  Cyclone  
  35  3:20  Cyclone  
  37  3:29  Engineering Bay  
  37  3:31  SCV  
  38  3:43  SCV  
  39  3:50  Cyclone  
  42  3:55  SCV  
  42  3:59  Cyclone  
  42  4:01  SCV  
  47  4:07  SCV  
  47  4:09  Missile Turret  
  48  4:13  SCV  
  48  4:20  SCV  
  48  4:22  Cyclone  
  51  4:26  Refinery  
  51  4:28  Orbital Command  
  48  4:39  SCV  
  48  4:40  Supply Depot  
  49  4:46  Missile Turret  
  49  4:52  SCV  
  50  4:55  SCV  
  51  5:04  SCV  
  51  5:05  Cyclone  
  52  5:07  SCV  
  50  5:16  Cyclone  
  50  5:17  SCV  
  54  5:21  Refinery  
  51  5:33  SCV  
  52  5:37  Cyclone  
  52  5:39  SCV, Starport  
  56  5:42  Factory  
  56  5:45  SCV, Supply Depot  
  56  5:48  Missile Turret  
  57  5:55  SCV  
  58  6:01  Cyclone  
  58  6:02  SCV  
  62  6:07  Armory, SCV  
  63  6:17  Command Center  
  63  6:19  SCV  
  63  6:25  Viking  
  66  6:26  SCV  
  66  6:31  SCV  
  68  6:39  SCV  
  69  6:43  SCV  
  69  6:51  SCV  
  69  6:53  Missile Turret  
  70  6:55  Missile Turret, SCV, Viking  
  70  6:56  Factory Tech Lab  
  70  6:58  Missile Turret  
  73  7:03  SCV  
  73  7:07  SCV  
  75  7:11  Widow Mine  
  78  7:15  SCV  
  78  7:20  Supply Depot  
  78  7:22  Supply Depot  
  77  7:23  Armory, SCV  
  77  7:28  Widow Mine  
  77  7:29  Viking, Siege Tank  
  85  7:33  SCV  
  86  7:39  Missile Turret, SCV  
  86  7:40  Missile Turret  
  87  7:45  SCV  
  87  7:47  Missile Turret  
  87  7:50  Refinery  
  87  7:51  SCV  
  89  7:53  Refinery  
  90  7:59  Viking, Orbital Command  
  90  8:00  SCV  
  92  8:06  SCV  
  92  8:08  Widow Mine x2  
  92  8:12  Armory, SCV  
  98  8:18  SCV  
  86  8:24  SCV  
  81  8:30  SCV  
  81  8:32  Viking  
  76  8:36  SCV  
  76  8:37  Siege Tank, Widow Mine x2  
  83  8:42  SCV  
  82  8:48  SCV  
  82  8:54  SCV  
  83  9:00  SCV  
  82  9:05  Widow Mine x2  
  82  9:07  SCV  
  90  9:12  SCV  
  80  9:19  SCV  
  80  9:23  Orbital Command  
  79  9:24  SCV  
  79  9:31  SCV  
  81  9:34  Viking  
  81  9:36  Refinery, Marine, Widow Mine x2  
  81  9:37  SCV  
  88  9:43  SCV  
  86  9:49  SCV x2  
  85  9:53  Missile Turret, Marine  
  85  9:55  SCV  
  85  9:57  Missile Turret  
  85  9:59  Missile Turret  
  87  10:01  SCV x2  
  89  10:07  SCV  
  89  10:08  Viking  
  89  10:11  Widow Mine x2  
  89  10:13  SCV x2  
  98  10:18  Terran Ship Weapons Level 1, Terran Vehicle And Ship Armor Level 1  
  98  10:19  Factory, SCV  
  99  10:25  SCV x2  
  101  10:31  SCV  
  101  10:33  Supply Depot  
  102  10:36  Supply Depot  
  102  10:37  SCV x2  
  102  10:38  Viking  
  102  10:40  Widow Mine x2  
  110  10:43  SCV, Starport  
  110  10:49  SCV x2  
  108  10:58  SCV  
  108  11:01  SCV x2  
  99  11:10  SCV  
  94  11:13  SCV, Viking, Widow Mine x2  
  94  11:15  SCV  
  102  11:22  SCV  
  102  11:24  Supply Depot  
  103  11:26  Supply Depot  
  103  11:28  Viking, Supply Depot  
  103  11:30  Thor  
  113  11:34  SCV  
  113  11:39  Command Center  
  112  11:40  SCV  
  112  11:42  Widow Mine x2  
  112  11:43  Viking  
  112  11:47  SCV  
  120  11:50  SCV  
  120  11:53  SCV  
  122  11:58  Viking  
  109  12:02  SCV  
  103  12:10  Widow Mine  
  103  12:11  SCV, Widow Mine  
  103  12:13  Viking  
  103  12:14  SCV x2  
  107  12:23  SCV  
  107  12:26  SCV x2  
  107  12:36  SCV  
  108  12:42  SCV  
  108  12:43  Missile Turret  
  109  12:45  Missile Turret, Drilling Claws  
  109  12:48  SCV  
  111  12:58  SCV  
  111  13:00  Supply Depot  
  111  13:09  Viking  
  113  13:16  Widow Mine x2  
  113  13:18  SCV  
  118  13:22  SCV  
  118  13:24  Factory  
  118  13:25  Terran Vehicle Weapons Level 1  
  118  13:26  Factory  
  119  13:27  SCV  
  120  13:35  SCV  
  120  13:39  Viking  
  120  13:40  Thor  
  129  13:41  SCV  
  129  13:48  SCV x2  
  132  13:50  Refinery  
  132  13:53  SCV  
  127  14:00  SCV x2  
  127  14:06  Liberator  
  127  14:08  SCV  
  127  14:13  SCV  
  127  14:15  SCV  
  129  14:19  Liberator  
  129  14:24  Thor  
  130  14:25  Hellion, Hellbat x2  
  130  14:26  SCV x2  
  130  14:28  Planetary Fortress  
  144  14:37  SCV  
  148  14:39  Factory Reactor  
  148  14:41  Refinery  
  148  14:48  Factory Tech Lab  
  148  14:49  Liberator  
  144  14:55  SCV  
  143  15:04  Hellbat x2  
  143  15:05  SCV, Infernal Pre-Igniter  
  143  15:06  SCV  
  149  15:15  SCV  
  150  15:27  Liberator  
  149  15:35  Missile Turret  
  148  15:36  SCV  
  148  15:39  Missile Turret  
  148  15:42  Missile Turret, SCV  
  150  15:44  Missile Turret  
  150  15:47  Thor  
  150  15:48  SCV, Hellbat x2  
  165  15:50  SCV, Widow Mine  
  165  15:52  Hellbat  
  165  15:55  SCV  
  170  15:58  Factory  
  170  16:02  SCV x2  
  171  16:07  SCV  
  171  16:09  Hellbat  
  169  16:14  SCV  
  168  16:20  SCV  
  172  16:26  Starport Reactor, Hellion  
  172  16:28  Liberator  
  172  16:32  Hellbat  
  173  16:35  SCV  
  173  16:38  SCV  
  175  16:40  Missile Turret  
  178  16:48  SCV  
  178  16:53  Command Center  
  179  17:05  SCV  
  179  17:13  Hellion  
  179  17:18  Liberator x3  
  177  17:30  Thor  
  135  17:49  SCV  
  135  17:51  SCV x2  
  126  17:56  Widow Mine x2  
  117  17:58  Factory Tech Lab  
  117  18:01  SCV, Liberator x3  
  117  18:03  SCV  
  96  18:22  Widow Mine x2  
  92  18:46  SCV  
Show
View Real Time Build Order
Export as new Build Order

Scarlett Protoss - Winner!

Build Orders: 1 Gate Expand, Oracle Opening 

Get SALT Encoding   

  12  0:01  Probe (Chrono Boost)  
  13  0:11  Probe (Chrono Boost)  
  14  0:17  Pylon  
  14  0:22  Probe (Chrono Boost)  
  16  0:36  Probe (Chrono Boost)  
  16  0:40  Gateway  
  16  0:43  Assimilator  
  16  0:47  Probe (Chrono Boost)  
  17  0:58  Probe (Chrono Boost)  
  18  1:20  Nexus  
  18  1:22  Probe (Chrono Boost)  
  19  1:30  Pylon  
  19  1:41  Assimilator, Probe (Chrono Boost)  
  20  1:54  Cybernetics Core  
  20  1:58  Probe (Chrono Boost)  
  20  2:09  Probe (Chrono Boost)  
  21  2:17  Pylon  
  21  2:30  Probe (Chrono Boost)  
  21  2:32  Adept  
  24  2:39  Stargate  
  24  2:40  Probe (Chrono Boost)  
  24  2:41  Probe (Chrono Boost)  
  24  2:44  Warp Gate  
  27  2:51  Probe x2 (Chrono Boost)  
  28  2:59  Adept  
  28  3:02  Probe x2 (Chrono Boost)  
  32  3:12  Probe x2 (Chrono Boost)  
  34  3:23  Probe x2 (Chrono Boost)  
  34  3:26  Adept  
  38  3:29  Oracle  
  41  3:37  Nexus  
  41  3:42  Pylon  
  41  3:46  Probe (Chrono Boost)  
  43  3:54  Adept  
  45  3:56  Probe (Chrono Boost)  
  46  4:03  Mothership Core (Chrono Boost)  
  37  4:25  Void Ray  
  36  4:33  Stalker  
  36  4:38  Pylon  
  38  4:40  Pylon  
  38  4:41  Pylon  
  38  4:48  Pylon  
  37  5:12  Void Ray  
  35  5:18  Mothership Core (Chrono Boost)  
  41  5:34  Probe (Chrono Boost)  
  44  5:44  Stargate, Probe (Chrono Boost)  
  44  5:48  Assimilator  
  45  5:52  Assimilator  
  45  5:53  Void Ray  
  45  5:55  Probe (Chrono Boost)  
  46  5:59  Zealot  
  50  6:05  Probe (Chrono Boost)  
  51  6:12  Pylon  
  51  6:16  Pylon, Probe (Chrono Boost)  
  52  6:20  Gateway  
  52  6:22  Gateway  
  52  6:25  Pylon  
  52  6:26  Probe (Chrono Boost)  
  53  6:37  Probe (Chrono Boost)  
  54  6:47  Probe (Chrono Boost)  
  54  6:51  Void Ray  
  55  6:56  Void Ray  
  55  6:58  Probe (Chrono Boost)  
  64  7:05  Probe (Chrono Boost)  
  64  7:08  Gateway, Probe (Chrono Boost)  
  65  7:10  Gateway  
  66  7:15  Twilight Council  
  66  7:17  Probe (Chrono Boost)  
  67  7:27  Probe (Chrono Boost)  
  69  7:31  Probe (Chrono Boost)  
  69  7:35  Adept  
  69  7:36  Adept  
  73  7:38  Probe (Chrono Boost)  
  73  7:43  Probe (Chrono Boost)  
  75  7:48  Probe (Chrono Boost)  
  76  8:00  Adept x2  
  76  8:02  Probe (Chrono Boost)  
  82  8:12  Probe (Chrono Boost)  
  82  8:19  Nexus  
  78  8:34  Void Ray  
  78  8:39  Void Ray  
  83  9:12  Void Ray  
  79  9:26  Adept x2  
  83  9:31  Probe (Chrono Boost), Robotics Facility  
  84  9:42  Probe (Chrono Boost)  
  83  9:48  Pylon  
  83  9:50  Assimilator  
  83  9:52  Resonating Glaives, Adept  
  80  9:53  Probe (Chrono Boost), Adept  
  80  9:54  Void Ray  
  80  9:55  Assimilator  
  84  10:00  Void Ray  
  84  10:03  Probe (Chrono Boost)  
  93  10:08  Adept x2  
  93  10:10  Probe (Chrono Boost)  
  93  10:12  Pylon  
  93  10:14  Probe (Chrono Boost)  
  99  10:20  Probe (Chrono Boost)  
  99  10:21  Adept x2  
  102  10:24  Probe (Chrono Boost)  
  105  10:31  Probe (Chrono Boost)  
  105  10:33  Dark Shrine  
  105  10:35  Probe (Chrono Boost)  
  107  10:59  Pylon  
  107  11:02  Pylon  
  97  11:15  Adept x3  
  97  11:16  Adept  
  99  11:23  Nexus  
  99  11:26  Void Ray  
  99  11:32  Void Ray  
  107  11:38  Adept x2  
  107  11:39  Adept  
  113  11:45  Probe (Chrono Boost)  
  114  11:52  Pylon  
  110  11:57  Probe (Chrono Boost)  
  106  12:09  Probe (Chrono Boost)  
  100  12:20  Adept x4  
  100  12:21  Probe (Chrono Boost)  
  107  12:28  Assimilator  
  106  12:30  Assimilator, Probe (Chrono Boost)  
  106  12:34  Shadow Stride  
  106  12:40  Probe (Chrono Boost), Adept x2  
  106  12:41  Adept x2  
  115  12:51  Probe (Chrono Boost)  
  116  13:00  Fleet Beacon  
  116  13:01  Stargate  
  116  13:03  Stargate  
  116  13:18  Adept x4  
  124  13:23  Stargate  
  124  13:24  Probe (Chrono Boost)  
  125  13:27  Probe (Chrono Boost)  
  125  13:33  Pylon  
  126  13:35  Probe (Chrono Boost)  
  126  13:37  Gateway  
  126  13:38  Probe (Chrono Boost)  
  126  13:39  Pylon  
  126  13:40  Gateway  
  128  13:45  Probe (Chrono Boost), Carrier  
  126  13:48  Probe (Chrono Boost)  
  104  13:56  Carrier  
  104  13:57  Carrier  
  91  14:24  Adept x4  
  91  14:30  Carrier  
  101  14:32  Graviton Catapult  
  99  14:58  Dark Templar x3  
  99  14:59  Dark Templar  
  101  15:34  Carrier  
  97  15:39  Adept x2  
  97  15:40  Adept x2  
  101  15:45  Carrier x2  
  119  15:56  Carrier  
  125  16:09  Mothership Core (Chrono Boost)  
  123  16:13  Dark Templar x6  
  131  16:41  Carrier  
  144  16:47  Probe (Chrono Boost)  
  144  16:57  Probe (Chrono Boost)  
  145  17:06  Nexus  
  145  17:08  Pylon, Probe (Chrono Boost)  
  146  17:10  Pylon, Adept x3  
  146  17:11  Adept x3  
  157  17:18  Probe (Chrono Boost)  
  148  17:29  Probe (Chrono Boost)  
  140  17:51  Carrier  
  155  18:10  Pylon  
  155  18:14  Pylon  
  155  18:17  Pylon  
  155  18:20  Dark Templar x5  
Tags
 
Add a new tag
Caveats
  • Supply blocks, unpowered buildings, or Contaminate may cause inaccurate times.
  • Supply counts are checked every 10 seconds.